 Dungeon Crawl Stone Soup version 0.22-a0-136-g83a10e5 (webtiles) character file.

146 varam the Firebug (level 5, -1/31 HPs)
             Began as an Octopode Fire Elementalist on Feb 3, 2018.
             Killed from afar by Sigmund (8 damage)
             ... with a magic dart
             ... on level 2 of the Dungeon.
             The game lasted 00:12:59 (3277 turns).

varam the Firebug (Octopode Fire Elementalist)      Turns: 3277, Time: 00:12:59

Health: -1/31      AC:  1    Str:  7    XL:     5   Next: 28%
Magic:  4/8        EV: 13    Int: 19    God:
Gold:   127        SH:  0    Dex: 12    Spells: 2/8 levels left

rFire    . . .     SeeInvis .   (no weapon)
rCold    . . .     Gourm    .   (no shield)
rNeg     . . .     Faith    .   (helmet restricted)
rPois    .         Spirit   .   (no amulet)
rElec    .         Reflect  .   k - ring of stealth
rCorr    .         Harm     .   (no ring)
MR       .....                  (no ring)
Stlth    ++++......             (no ring)
HPRegen  0.10/turn              (no ring)
MPRegen  0.11/turn              (no ring)
                                (no ring)
                                (no ring)

@: no status effects
A: almost no armour, stealthy swim, amphibious, 8 rings, constrict 8, camouflage
1, gelatinous body 1
a: no special abilities


You were on level 2 of the Dungeon.
You were not hungry.

You visited 1 branch of the dungeon, and saw 4 of its levels.

You collected 127 gold pieces.

Inventory:

Missiles
 g - 142 stones (quivered)
Armour
 p - a +2 shield
Jewellery
 k - a ring of stealth (left tentacle)
Scrolls
 c - a scroll of immolation {unknown}
 d - a scroll of remove curse
 e - a scroll of magic mapping {unknown}
 h - a scroll of enchant weapon {unknown}
 o - a scroll of teleportation {unknown}
 q - a scroll of enchant armour {unknown}
 r - a scroll of fear
Potions
 f - a potion of lignification {unknown}
 i - a potion of might {unknown}
 j - 3 potions of mutation
 n - a potion of magic {unknown}
 s - a potion of haste {unknown}
Books
 a - a book of Flames

   Spells                             Type                      Level
   a - Flame Tongue                   Conjuration/Fire             1
   b - Throw Flame                    Conjuration/Fire             2
   c - Conjure Flame                  Conjuration/Fire             3
   d - Inner Flame                    Hexes/Fire                   3
   e - Sticky Flame                   Conjuration/Fire             4
   f - Fireball                       Conjuration/Fire             5
Comestibles
 b - 4 rations
 m - 2 chunks of flesh


   Skills:
 - Level 2.0 Dodging
 - Level 2.6 Stealth
 + Level 2.4 Spellcasting
 * Level 3.8 Conjurations
 + Level 4.0 Fire Magic


You had 2 spell levels left.
You knew the following spells:

 Your Spells              Type           Power        Failure   Level  Hunger
a - Flame Tongue          Conj/Fire      ###..        3%          1    #......
b - Throw Flame           Conj/Fire      ###...       4%          2    ##.....
c - Conjure Flame         Conj/Fire      ###.....     10%         3    ###....


Dungeon Overview and Level Annotations

Branches:
Dungeon (4/15)
 Temple: D:4-7

Altars:

Annotations:
D:2 Sigmund
D:3 anet's ghost, amateur HaWz


Innate Abilities, Weirdness & Mutations

You cannot wear most types of armour.
You are very stealthy in the water. (Stealth+)
You are amphibious.
You can wear up to eight rings at the same time.
You can use your tentacles to constrict eight enemies at once.
Your skin changes colour to match your surroundings (Stealth+).
Your rubbery body absorbs attacks. (AC +1, EV +1)


Message History

Confirm with . or Enter, or press ? or * to list all spells.
Aiming: Flame Tongue (safe; 3% risk of failure)
Press: ? - help, Shift-Dir - straight line, f/p - Sigmund
Aim: Sigmund, wielding a scythe and wearing a robe The flame tongue hits Sigmund.
Sigmund is moderately wounded.
Sigmund hits you from afar with a scythe!
Sigmund closely misses you.
You tentacle-slap Sigmund but do no damage.
You grab Sigmund.
Sigmund is moderately wounded.
You constrict Sigmund.
You tentacle-slap Sigmund but do no damage.
Sigmund is moderately wounded.
You constrict Sigmund. Sigmund hits you with a scythe!
* * * LOW HITPOINT WARNING * * *
You release your grip on Sigmund.
Sigmund barely misses you. Sigmund gestures at you while chanting.
The magic dart hits you!
You die...

.### #.......# ...# #.......#
.#.# #.......# .#.# #.).....#
.#.###########.....).#########
.........................)..>#
.#..###.######...###########.#
.##.###.# #...###########.#
..#..##.######..@............#
............####.............#
...P.##.###.# #.............#
...♣♣P#.###@####..@..........#
.P♣♣♣P..#....................#
..♣♣♣.P.#....................#
...♣♣...#.....÷.....)........#
.....P..#....................#
..#.###)###.####.............#


You could see Sigmund.

Vanquished Creatures
  Robin (D:2)
  4 adders
  3 oozes (D:1)
  3 dart slugs
  A leopard gecko (D:2)
  4 orcs
  A ball python (D:1)
  A giant cockroach (D:3)
  14 goblins
  5 hobgoblins
  12 jackals
  A quokka (D:3)
  7 bats
  2 frilled lizards
  9 kobolds
  2 rats
  A plant (D:2)
71 creatures vanquished.

Notes
Turn   | Place    | Note
-------+----------+-------------------------------------------
     0 | D:1      | varam the Octopode Fire Elementalist began the quest for the Orb.
     0 | D:1      | Reached XP level 1. HP: 11/11 MP: 3/3
    90 | D:1      | Reached XP level 2. HP: 17/17 MP: 3/5
   169 | D:2      | Reached skill level 2 in Conjurations
   543 | D:1      | Reached XP level 3. HP: 15/21 MP: 0/6
   829 | D:1      | Learned a level 2 spell: Throw Flame
  1240 | D:2      | Reached skill level 3 in Conjurations
  1352 | D:2      | Reached XP level 4. HP: 27/27 MP: 1/7
  1421 | D:1      | Learned a level 3 spell: Conjure Flame
  1953 | D:2      | Noticed Sigmund
  2004 | D:3      | Noticed anet's ghost (amateur HaWz)
  2438 | D:3      | Reached XP level 5. HP: 31/31 MP: 6/8
  2619 | D:2      | Noticed Robin
  3115 | D:2      | Killed Robin
  3115 | D:2      | Reached skill level 4 in Fire Magic
  3277 | D:2      | Killed from afar by Sigmund

Vault maps used:
D:1:      moated_graveyard_arrival, minivault_25, hex_large,
          kennysheep_flooded_box, minmay_misc_feat_iff
D:2:      serial_forest, infiniplex_forest_clump_medium,
          infiniplex_forest_zigzag_2, infiniplex_forest_straight_2,
          infiniplex_forest_lined_3_way, infiniplex_forest_lined_room_3,
          infiniplex_forest_clump_small, infiniplex_forest_clump_double,
          first_ration, grunt_dithmenos_smoke, uniq_sigmund, uniq_robin
D:3:      nicolae_ru_sacrificial_ziggurat
D:4:      grunt_temple_overflow_opulence, kennysheep_mini_moat,
          minmay_misc_feat_pillars, uniq_pikel

Skill      XL: |  1  2  3  4  5 |
---------------+----------------+-----
Conjurations   | 2 3 |  3.8
Fire Magic     | 4 |  4.0
Dodging        | |  2.0
Stealth        | |  2.6
Spellcasting   | |  2.4

Action                   |  1- 3 |  4- 6 || total
-------------------------+-------+-------++-------
Melee: Unarmed           |    31 |    41 ||    72
       Constrict         |     6 |     5 ||    11
       Tentacles         |     1 |    10 ||    11
Throw: Stone             |       |     8 ||     8
 Cast: Flame Tongue      |    37 |    45 ||    82
       Throw Flame       |     9 |    31 ||    40
       Conjure Flame     |       |     1 ||     1
  Use: Scroll            |       |     3 ||     3
 Stab: Sleeping          |     1 |       ||     1
  Eat: Chunk             |     2 |     9 ||    11
Armor: Skin              |     5 |       ||     5
Dodge: Dodged            |    30 |    19 ||    49

Table legend:
 A = Spawn XP
 B = Non-spawn XP
 C = Spawn XP percentage of total XP
 D = Spawn monster count
 E = Non-spawn monster count
 F = Spawn count percentage of total count
 G = Total turns spent on level
                    A         B        C        D         E        F      G
               +---------+---------+-------+---------+---------+-------+---------
         Total |       0 |     209 |   0.0 |       0 |      70 |   0.0 |  3277
               +---------+---------+-------+---------+---------+-------+---------
           D:1 |       0 |      56 |   0.0 |       0 |      23 |   0.0 |  1274
           D:2 |       0 |     106 |   0.0 |       0 |      30 |   0.0 |  1327
           D:3 |       0 |      47 |   0.0 |       0 |      17 |   0.0 |   640
               +---------+---------+-------+---------+---------+-------+---------
